 Seeded DCSS version 0.30-a0-341-g682706514a (webtiles) character file.

Game seed: 7130546335830651708 (custom seed)

38 purpskrrrp the Magician (level 3, -4/25 HPs)
             Began as a Djinni Earth Elementalist on Nov 5, 2022.
             Slain by a gnoll
             ... wielding a +0 spear
              (8 damage)
             ... on level 2 of the Dungeon.
             The game lasted 00:03:13 (1019 turns).

purpskrrrp the Magician (Djinni Earth Elementalist) Turns: 1019, Time: 00:03:14

Health: -4/25      AC:  2    Str:  7    XL:     3   Next: 65%
Gold:   29         EV: 12    Int: 18    God:
                   SH:  0    Dex: 19

rFire   + + .      SeeInvis .    d - +1 triple sword (spect)
rCold   x . .      Faith    .    (shield currently unavailable)
rNeg    . . .      Spirit   .    a - +0 robe
rPois   ∞          Reflect  .    (no helmet)
rElec   .          Harm     .    (no cloak)
rCorr   .          Rampage  .    (no gloves)
Will    .....                    (boots unavailable)
Stlth   ++........               (no amulet)
HPRegen 0.24/turn                f - +6 ring of dexterity
MPRegen 0.00/turn                (no ring)

@: flying
A: sickness immunity, fire resistance 2, cold vulnerability 1, float, innate
caster, HP casting, extra vitality 1
a: no special abilities


You were on level 2 of the Dungeon.
You visited 1 branch of the dungeon, and saw 2 of its levels.

You collected 29 gold pieces.

Inventory:

Hand Weapons
 d - a +1 spectral triple sword (weapon)
Missiles
 l - 2 throwing nets
Armour
 a - a +0 robe (worn)
Jewellery
 f - a +6 ring of dexterity (left hand)
Scrolls
 c - a scroll of identify {unknown}
 g - a scroll of silence {unknown}
 h - a scroll of enchant armour {unknown}
Potions
 b - a potion of heal wounds {unknown}
 e - a potion of might
 i - a potion of flight {unknown}
 j - a potion of brilliance {unknown}
 k - a potion of degeneration {unknown}


   Skills:
 - Level 2.1 Dodging
 - Level 1.5 Stealth
 + Level 3.4 Spellcasting


You couldn't memorise any spells.
You knew the following spells:

 Your Spells              Type           Power      Damage    Failure   Level
a - Sandblast             Erth           30%        2d9       3%          1
b - Passwall              Tmut/Erth      12%        N/A       6%          2
c - Stone Arrow           Conj/Erth      30%        3d8       12%         3
d - Petrify               Tmut/Erth      15%        N/A       36%         4
e - Freeze                Ice            60%        1d7       3%          1
Your spell library was empty.

Dungeon Overview and Level Annotations

Branches:
Dungeon (2/15)

Altars:


Innate Abilities, Weirdness & Mutations

You are immune to sickness and miasma.
You are immune to poison.
Your flesh is very heat resistant. (rF++)
You are vulnerable to cold. (rC-)
You float through the air rather than walking.
You learn spells naturally, not from books.
Your magical power is your life essence.
You have superior vitality. (+4 MHP)


Message History

No target in view!
No target in view!
Your magical contamination has completely faded away.
HP restored.
An adder comes into view.
The adder hisses angrily.
An adder is nearby!
An adder is nearby!
An adder is nearby!
The blast of sand hits the adder!
The adder is almost dead.
You closely miss the adder.
The adder is almost dead.
Your +1 spectral triple sword hits the adder!
You kill the adder!
No target in view!
No target in view!
No target in view!
No target in view!
No target in view!
You see here an adder corpse.
Found a whip.
Found a stone staircase leading down.
Found a sling.
A gnoll is nearby!
A gnoll is nearby!
A gnoll is nearby!
A gnoll is nearby!
The gnoll shouts!
You hear a shout!
The blast of sand hits the gnoll.
The gnoll is lightly wounded.
You completely miss the gnoll.
The gnoll is lightly wounded.
The gnoll hits you with a +0 flail! The gnoll closely misses you.
You hit the gnoll.
The gnoll is heavily wounded.
The gnoll hits you with a +0 flail!
* * * LOW HITPOINT WARNING * * *
The gnoll hits you from afar with a +0 spear!
You die...

# # ..#.# #
#.......################## #
.......gg@................ #
...#.#g################.. #...#
###.#'#.# #.. #...# #.......# #..
#...####.......# #..
#...#..........################..
#...#.............†..............
#.................###############
#.#....†.#...#..§.#


You could see 3 gnolls.

Vanquished Creatures
  2 adders (D:2)
  A dart slug (D:2)
  3 endoplasms
  A giant cockroach (D:1)
  4 hobgoblins (D:1)
  3 kobolds (D:1)
  A ball python (D:1)
  A frilled lizard (D:2)
  A goblin (D:2)
  A rat (D:1)
18 creatures vanquished.

Notes
Turn   | Place    | Note
-------+----------+-------------------------------------------
     0 | D:1      | purpskrrrp the Djinni Earth Elementalist began the quest
                  | for the Orb.
     0 | D:1      | purpskrrrp set off with the following spells memorised:
                  | Sandblast, Passwall, Stone Arrow, Petrify.
     0 | D:1      | Reached XP level 1. HP: 15/15 MP: 0/0
    73 | D:1      | Identified a scroll of acquirement
    73 | D:1      | Acquired a +1 triple sword of freezing
   133 | D:1      | Reached XP level 2. HP: 20/21 MP: 0/0
   292 | D:1      | Reached skill level 3 in Spellcasting
   834 | D:2      | Reached XP level 3. HP: 17/25 MP: 0/0
   834 | D:2      | Learned a level 1 spell: Freeze
  1019 | D:2      | Slain by a gnoll

Illustrated notes

Levels and vault maps discovered:
D:1:      dpeg_arrival_refuge, layout_basic
D:2:      layout_basic

Skill      XL: |  1  2 |
---------------+-------+-----
Spellcasting   | 3 |  3.4
Dodging        | |  2.1
Stealth        | |  1.5

Action                   || total
-------------------------++-------
Melee: Unarmed           ||    13
       Triple sword      ||     8
 Cast: Sandblast         ||    23
  Use: Scroll            ||     2
Armor: Robe              ||     5
Dodge: Dodged            ||    15

Table legend: (Time is in decaauts)
 A = Elapsed time spent in this place.
 B = Non-inter-level travel time spent in this place.
 C = Inter-level travel time spent in this place.
 D = Time resting spent in this place.
 E = Time spent auto-exploring this place.
 F = Levels seen in this place.
 G = Mean time per level.
                   A        B        C        D        E       F      G
               +--------+--------+--------+--------+--------+-----+--------+
         Total |   1035 |    976 |     59 |      0 |    810 |   2 |  517.5 |
       Dungeon |   1035 |    976 |     59 |      0 |    810 |   2 |  517.5 |
               +--------+--------+--------+--------+--------+-----+--------+

Top non-repeatable levels by time:
     D:1: 660 daAuts
     D:2: 374 daAuts
